 Dungeon Crawl Stone Soup version 0.22.0-60-ga52c2fc (webtiles) character file.

598 dvd the Slasher (level 7, -1/52 HPs)
             Began as a Demonspawn Gladiator on Sept 10, 2018.
             Was a Follower of Okawaru.
             Killed by divine providence
             ... invoked by an orc priest
              (15 damage)
             ... on level 5 of the Dungeon.
             The game lasted 00:09:23 (4063 turns).

dvd the Slasher (Demonspawn Gladiator)              Turns: 4063, Time: 00:09:23

Health: -1/52      AC:  7    Str: 15    XL:     7   Next: 17%
Magic:  7/7        EV: 12    Int: 10    God:    Okawaru [*.....]
Gold:   149        SH:  0    Dex: 15    Spells: 6/6 levels left

rFire    . . .     SeeInvis .   a - +0 long sword
rCold    . . .     Gourm    .   (no shield)
rNeg     . . .     Faith    .   p - +0 ring mail (curse)
rPois    .         Spirit   .   c - +0 helmet
rElec    .         Reflect  .   t - +0 cloak
rCorr    .         Harm     .   (no gloves)
MR       .....                  (boots unavailable)
Stlth    +++.......             (no amulet)
HPRegen  0.17/turn              (no ring)
MPRegen  0.10/turn              (no ring)

@: no status effects
A: talons 3, demonic guardian 1, nightstalker 1
a: Heroism, Renounce Religion


You were on level 5 of the Dungeon.
You worshipped Okawaru.
Okawaru was aware of your devotion.
You were not hungry.

You visited 1 branch of the dungeon, and saw 6 of its levels.

You collected 149 gold pieces.

Inventory:

Hand Weapons
 a - a +0 long sword (weapon)
 q - a +2 dagger of draining
Missiles
 d - 3 throwing nets (quivered)
Armour
 b - a +0 scale mail
 c - a +0 helmet (worn)
 o - a +2 animal skin
 p - a cursed +0 ring mail (worn)
 t - a +0 cloak (worn)
Scrolls
 e - 2 scrolls of teleportation {unknown}
 g - a scroll of enchant armour {unknown}
 i - 2 scrolls of amnesia {unknown}
 j - 4 scrolls of identify {unknown}
 n - a scroll of magic mapping {unknown}
Potions
 h - a potion of heal wounds {unknown}
 k - a potion of lignification {unknown}
 l - 2 potions of might {unknown}
 m - a potion of curing {unknown}
 r - a potion of invisibility {unknown}
 s - a potion of agility {unknown}
 u - a potion of degeneration {unknown}
Comestibles
 f - 8 rations
 v - 2 chunks of flesh


   Skills:
 + Level 3.2 Fighting
 + Level 5.4 Long Blades
 + Level 1.9 Throwing
 + Level 2.3 Armour
 + Level 3.7 Dodging
 + Level 2.5 Stealth


You had 6 spell levels left.
You didn't know any spells.
Your spell library was empty.

Dungeon Overview and Level Annotations

Branches:
Dungeon (6/15)
 Temple: D:4-7

Altars:
Dithmenos
Gozag
Makhleb
Okawaru

Annotations:
D:2 Sigmund
D:4 Blork the orc


Innate Abilities, Weirdness & Mutations

You have claws for feet.
A weak demonic guardian rushes to your aid.
You are slightly more attuned to the shadows.


Message History

Beogh smites you! Something hits you but does no damage.
You miss something. Your kick misses something.
The orc priest mumbles some strange prayers to Beogh against you.
Beogh smites you! Something hits you but does no damage.
You hit something.
You hear some strange, mumbled words.
A puff of flame appears from out of thin air!
The puff of flame hits you!
* * * LOW HITPOINT WARNING * * *
You barely miss something. You claw something. Okawaru accepts your kill.
Reactivating autopickup.
You feel a bit more experienced.
You feel less confused.
You swap places.
The orc priest hits your iron imp but does no damage.
Your iron imp closely misses the orc priest.
The orc priest mumbles some strange prayers to Beogh against you.
Beogh smites you!
You die...

#..(....# ##.# ##....###
#.# #.#...## #.#
##.#..#.# #+# #.......#
##... #.......# ##....
#.###...# ##.....
##.#####.#.....###......
.....o5@.........'......
##.#####.#.....###......
#......†# ##.....
###.##### ##.... #.#
##5.. # # ##'# #.# #.#
##.#


You could see an orc priest and a friendly iron imp.

Vanquished Creatures
  A scorpion (D:5)
  2 crimson imps
  2 orc priests
  5 orc wizards
  Jessica (D:3)
  A worker ant (D:3)
  A hound skeleton (D:4)
  Robin (D:2)
  2 gnolls (D:4)
  4 adders
  An ooze (D:1)
  An adder zombie (D:5)
  4 worms
  2 dart slugs (D:2)
  3 leopard geckos
  19 orcs
  8 bats
  3 giant cockroaches
  16 goblins
  5 hobgoblins
  14 jackals (D:4)
  4 kobolds
  2 quokkas (D:2)
  A ball python (D:3)
  4 frilled lizards
  4 rats
111 creatures vanquished.

Vanquished Creatures (collateral kills)
  An orc wizard (D:5)
1 creature vanquished.

Grand Total: 112 creatures vanquished

Notes
Turn   | Place    | Note
-------+----------+-------------------------------------------
     0 | D:1      | dvd the Demonspawn Gladiator began the quest for the Orb.
     0 | D:1      | Reached XP level 1. HP: 16/16 MP: 1/1
    53 | D:1      | Gained mutation: You have sharp toenails. [demonic
                  | ancestry]
    53 | D:1      | Reached XP level 2. HP: 22/22 MP: 2/2
   196 | D:1      | Reached skill level 3 in Long Blades
   773 | D:1      | Gained mutation: You are slightly more attuned to the
                  | shadows. [demonic ancestry]
   773 | D:1      | Reached XP level 3. HP: 23/27 MP: 3/3
   978 | D:2      | Found a burning altar of Makhleb.
  1213 | D:2      | Gained mutation: You have razor-sharp toenails. [demonic
                  | ancestry]
  1213 | D:2      | Reached XP level 4. HP: 33/33 MP: 4/4
  1219 | D:2      | Noticed Sigmund
  2013 | D:2      | Noticed Robin
  2022 | D:2      | Killed Robin
  2022 | D:2      | Reached skill level 1 in Armour
  2265 | D:3      | Reached skill level 4 in Long Blades
  2377 | D:3      | Gained mutation: You have claws for feet. [demonic
                  | ancestry]
  2377 | D:3      | Reached XP level 5. HP: 31/39 MP: 5/5
  2380 | D:3      | Reached skill level 1 in Stealth
  2561 | D:3      | Noticed Jessica
  2563 | D:3      | Killed Jessica
  2819 | D:3      | Found an iron altar of Okawaru.
  2827 | D:3      | Became a worshipper of Warmaster Okawaru
  2968 | D:3      | Gained mutation: A weak demonic guardian rushes to your
                  | aid. [demonic ancestry]
  2968 | D:3      | Reached XP level 6. HP: 42/46 MP: 6/6
  3111 | D:3      | You fall through a shaft for 3 floors!
  3120 | D:6      | Found a shadowy altar of Dithmenos.
  3125 | D:6      | Found an opulent altar of Gozag.
  3158 | D:5      | Entered Level 5 of the Dungeon
  3519 | D:4      | Noticed Blork the orc
  3521 | D:4      | You fall through a shaft for 2 floors!
  3579 | D:5      | Reached skill level 5 in Long Blades
  3915 | D:5      | Noticed an orc warrior
  3964 | D:5      | Reached * piety under Okawaru
  3964 | D:5      | Reached XP level 7. HP: 52/52 MP: 7/7
  4063 | D:5      | Killed from afar by an orc priest

Skill      XL: |  1  2  3  4  5  6 |
---------------+-------------------+-----
Dodging        | 3 |  3.7
Long Blades    | 3 4 5 |  5.4
Armour         | 1 2 |  2.3
Stealth        | 1 2 |  2.5
Fighting       | 3 |  3.2
Throwing       | |  1.9

Action                   |  1- 3 |  4- 6 |  7- 9 || total
-------------------------+-------+-------+-------++-------
Melee: Long sword        |    61 |   180 |    28 ||   269
       Kick              |    13 |    61 |     9 ||    83
 Stab: Sleeping          |     3 |    10 |       ||    13
  Eat: Chunk             |       |    10 |       ||    10
Armor: Leather armour    |    15 |    13 |       ||    28
       Animal skin       |       |     4 |       ||     4
       Ring mail         |       |    37 |     6 ||    43
Dodge: Dodged            |    34 |   100 |    12 ||   146
       Rpst.: Long sword |    14 |    24 |     4 ||    42
